 Dungeon Crawl Stone Soup version 0.22-a0-580-gd5db89c (webtiles) character file.

14334 Firecrotchwizard the Severer (level 11, -14/160 HPs)
             Began as a Minotaur Berserker on July 3, 2018.
             Was an Elder of Trog.
             Demolished by a death yak (21 damage)
             ... on level 3 of the Lair of Beasts.
             The game lasted 00:19:17 (13031 turns).

Firecrotchwizard the Severer (Minotaur Berserker)  Turns: 13031, Time: 00:19:18

Health: -14/160    AC: 16    Str: 27    XL:     11   Next: 87%
Magic:  10/10      EV: 10    Int:  6    God:    Trog [****..]
Gold:   753        SH:  0    Dex: 15    Spells: 10/10 levels left

rFire    . . .     SeeInvis .   l - +0 battleaxe
rCold    . . .     Gourm    .   (shield currently unavailable)
rNeg     . . .     Faith    .   v - +6 chain mail "Wegi" {Int+2 Dex+2}
rPois    .         Spirit   .   p - +0 hat {MR+}
rElec    .         Reflect  .   (no cloak)
rCorr    +         Harm     .   (no gloves)
MR       ++...                  r - +0 pair of boots
Stlth    ..........             (no amulet)
HPRegen  0.36/turn              d - ring of resist corrosion
MPRegen  0.12/turn              k - ring of protection from magic {MR+, !d}

@: berserking, very quick
A: retaliatory headbutt, horns 2
a: Berserk, Trog's Hand, Brothers in Arms, Renounce Religion


You were on level 3 of the Lair of Beasts.
You worshipped Trog.
Trog was greatly pleased with you.
You were very hungry.

You visited 2 branches of the dungeon, and saw 12 of its levels.
You also visited: Ossuary and Ice Cave.

You collected 753 gold pieces.

Inventory:

Hand Weapons
 l - a +0 battleaxe (weapon)
   (You took it off Blork the orc on level 4 of the Dungeon)
 o - a +0 war axe
   (You found it on level 5 of the Dungeon)
Armour
 p - a +0 hat of magic resistance (worn)
   (You found it on level 3 of the Dungeon)
 r - a +0 pair of boots (worn)
   (You found it on level 4 of the Dungeon)
 v - the +6 chain mail "Wegi" (worn) {Int+2 Dex+2}
   (You found it on level 5 of the Dungeon)

   It affects your intelligence (+2).
   It affects your dexterity (+2).
Jewellery
 d - a ring of resist corrosion (left hand)
   (You found it on level 4 of the Dungeon)
 k - a ring of protection from magic (right hand) {MR+, !d}
   (You found it on level 2 of the Dungeon)
 m - an uncursed ring of stealth {Stlth+}
   (You found it on level 2 of the Dungeon)
 C - an uncursed ring of protection from magic {MR+, !d}
   (You found it on level 1 of the Lair of Beasts)
Wands
 i - a wand of random effects (20)
   (You took it off Natasha on level 7 of the Dungeon)
 q - a wand of flame (38)
   (You found it on level 3 of the Dungeon)
 y - a wand of acid (8)
   (You took it off an orc on level 9 of the Dungeon)
 D - a wand of digging (10)
   (You found it on level 1 of the Lair of Beasts)
 F - a wand of polymorph (20)
   (You found it on level 1 of the Lair of Beasts)
Scrolls
 e - 5 scrolls of identify
 g - a scroll of fog
 s - 5 scrolls of remove curse
 A - 2 scrolls of immolation {!r}
 E - 2 scrolls of teleportation
Potions
 a - 3 potions of might
 b - 2 potions of brilliance
 h - 5 potions of mutation {!q}
 j - 3 potions of flight
 n - 3 potions of haste
 t - a potion of berserk rage {!q}
 u - a potion of magic
 w - 5 potions of curing
 x - a potion of ambrosia
 z - 5 potions of lignification {!q}
Comestibles
 c - 16 rations {@e1}


   Skills:
 + Level 13.1 Fighting
 * Level 17.4 Axes
 - Level 4.0 Armour
 - Level 3.6 Dodging


You had 10 spell levels left.
You didn't know any spells.
Your spell library was empty.

Dungeon Overview and Level Annotations

Branches:
Dungeon (9/15)             Temple (0/1) D:5            Lair (3/6) D:9
  Swamp: Lair:2-4    Shoals: Lair:2-4     Snake: Lair:2-4    Spider: Lair:2-4
    Orc: D:9-12

Altars:
Gozag
Hepliaklqana
Kikubaaqudgha
Okawaru
Trog
Uskayaw
Yredelemnul

Annotations:
Lair:1 3 runed doors, MongoFromTheCongo's ghost, journeyman MiBe


Innate Abilities, Weirdness & Mutations

You reflexively headbutt those who attack you in melee.
You have a pair of horns on your head.


Message History

You start resting.
Health restored: 106
Things that are here:
a double sword of freezing; 4 javelins; a runed chain mail You see here a javelin.
You see here 7 potions of degeneration {@e1!q}.
Done exploring.
Done exploring.
(D) Dungeon (T) Temple (L) Lair
Where to? (Enter - Lair:2, ? - help)
There is a stone staircase leading down here.
You climb downwards.
Found a scroll of random uselessness and a helmet.
Found a stone staircase leading down.
There is a stone staircase leading up here.
A spiny frog comes into view.
The spiny frog croaks.
You hear a bellow!
You barely miss the spiny frog. The spiny frog stings you!
You take 9 damage, and have 97/106 hp.
You hit the spiny frog but do no damage.
The spiny frog misses you. You furiously retaliate!
You headbutt the spiny frog! You hit the spiny frog.
The spiny frog stings you but does no damage.
You slice the spiny frog!! The spiny frog closely misses you.
You furiously retaliate!
You headbutt the spiny frog. You slice the spiny frog!!
You kill the spiny frog!
Trog accepts your kill.
No target in view!
Okay, then.
You hear a bellow!
You hear a bellow! x3
You hear a bellow! x2
A death yak comes into view.
You regained 6 hp, and now have 104/106 hp.
Health restored: 106 You slice the death yak!!
You headbutt the death yak!
You hear a bellow! x2
The death yak gores you but does no damage.
You hear a bellow!
You are feeling hungry.
You hit the death yak. You headbutt the death yak. You slash the death yak!
You headbutt the death yak.
The death yak gores you but does no damage.
You slash the death yak! You slice the death yak!!
You kill the death yak!
Trog accepts your kill.
Your Fighting skill increases to level 13!
A death yak comes into view.
Health restored: 107 You slice the death yak!!
You hear a bellow!
The death yak misses you. You furiously retaliate!
You headbutt the death yak!
You hear a bellow!
You slash the death yak! The death yak gores you!
You take 15 damage, and have 92/107 hp.
You slash the death yak! The death yak gores you!
You take 7 damage, and have 85/107 hp.
You barely miss the death yak. Your headbutt misses the death yak.
You hit the death yak but do no damage.
A death yak comes into view.
The death yak gores you!
You take 15 damage, and have 70/107 hp.
You slice the death yak!!
You kill the death yak!
Trog accepts your kill.
You barely miss the death yak.
You hear a bellow!
The death yak closely misses you.
You hit the death yak but do no damage.
You headbutt the death yak, but do no damage.
The death yak gores you!!
You take 19 damage, and have 51/107 hp.
You are too injured to fight recklessly!
You are too injured to fight recklessly!
You barely miss the death yak. Your headbutt misses the death yak.
Your chain mail "Wegi" prevents you from hitting the death yak.
You headbutt the death yak!
You hear a bellow!
A death yak comes into view.
You slash the death yak! You headbutt the death yak.
You hit the death yak but do no damage. The death yak gores you!
The death yak gores you.
You take 10 damage, and have 42/107 hp.
A red film seems to cover your vision as you go berserk!
You feel yourself moving faster!
You feel mighty!
You are feeling very hungry.
The death yak gores you! x2
* * * LOW HITPOINT WARNING * * *
You now have 39/160 hp.
You slash the death yak! x2; The death yak gores you!
* * * LOW HITPOINT WARNING * * *
The death yak gores you!!
* * * LOW HITPOINT WARNING * * *
You take 32 damage, and have 7/160 hp.
You slash the death yak! You hit the death yak but do no damage.
You hit the death yak. You slice the death yak!! The death yak gores you!!
You die...

.................
.........).......
................. #..
#P........... ##.#
#...........
#..####..#........
##...##..##..#.....
#YY.###...#..##....
#....#@.##..###.P##....
... ###....##..P####..
Y #..##.##..## ##.
#..##..#..P####.
#..#P.......##.. ...P
..#.†....##
#.....#####...###
.......P#..#.#.#.
.........P........


You could see 2 death yaks.

Vanquished Creatures
  2 two-headed ogres (D:9)
  2 death yaks (Lair:3)
  Urug (Lair:2)
  2 spiny frogs
  2 komodo dragons
  2 ice devils (Lair:1)
  A queen bee (D:9)
  8 yaks (Lair:2)
  A wyvern (Lair:2)
  A basilisk (Lair:2)
  4 water moccasins
  2 porcupines (Lair:1)
  2 ice beasts
  A sky beast (D:9)
  3 orc warriors (D:8)
  3 black bears
  3 ogres
  4 crocodiles
  9 centaurs
  Blork the orc (D:4)
  A big kobold (D:9)
  5 bullfrogs
  A wyvern zombie (D:8)
  2 scorpions
  28 killer bees
  An electric eel (Lair:1)
  3 howler monkeys
  3 crimson imps
  A centaur zombie (Ossuary)
  2 quasits
  A bullfrog zombie (D:5)
  2 jellies
  4 hounds
  3 human zombies (Ossuary)
  7 orc priests
  4 centaur skeletons
  4 iguanas
  Natasha (thrice) (D:3 D:6 D:7)
  3 orc wizards
  3 worker ants
  A big kobold zombie (Ossuary)
  A hound zombie (D:8)
  A hound skeleton (D:4)
  5 mummies (Ossuary)
  7 gnolls
  10 adders
  A river rat (D:6)
  3 shadow imps
  An ooze (D:4)
  3 worms
  4 dart slugs (D:1)
  7 leopard geckos
  28 orcs
  6 giant cockroaches
  A gnoll zombie (Ossuary)
  8 goblins
  5 hobgoblins
  4 jackals
  7 quokkas
  5 ball pythons
  A ball python skeleton (D:4)
  17 bats
  5 frilled lizards
  A hobgoblin zombie (Ossuary)
  A jackal zombie (D:5)
  6 kobolds
  A kobold zombie (Ossuary)
  A quokka skeleton (D:4)
  9 rats
  A spectral orc (D:3)
  A plant (Lair:2)
287 creatures vanquished.

Vanquished Creatures (collateral kills)
  2 hydras (Lair:1)
  2 ugly things (IceCv)
  An ice statue (IceCv)
  5 ice beasts (IceCv)
10 creatures vanquished.

Vanquished Creatures (others)
  3 fungi
  A plant (Lair:2)
4 creatures vanquished.

Grand Total: 301 creatures vanquished

Notes
Turn   | Place    | Note
-------+----------+-------------------------------------------
     0 | D:1      | Firecrotchwizard the Minotaur Berserker began the quest for the Orb.
     0 | D:1      | Reached XP level 1. HP: 19/19 MP: 0/0
   157 | D:1      | Reached XP level 2. HP: 22/27 MP: 1/1
   231 | D:1      | Reached skill level 4 in Axes
   474 | D:1      | Reached ** piety under Trog
   612 | D:1      | Reached skill level 4 in Fighting
   653 | D:1      | Reached XP level 3. HP: 32/33 MP: 2/2
  1149 | D:2      | Reached skill level 3 in Armour
  1422 | D:2      | Found an ancient bone altar of Kikubaaqudgha.
  1487 | D:2      | Reached XP level 4. HP: 35/40 MP: 3/3
  1796 | D:3      | Reached skill level 3 in Dodging
  1883 | D:3      | Noticed Natasha
  1892 | D:3      | Killed Natasha
  1892 | D:3      | Reached skill level 5 in Axes
  1994 | D:3      | Reached XP level 5. HP: 30/47 MP: 4/4
  2324 | D:3      | Reached *** piety under Trog
  2537 | D:3      | Found a basalt altar of Yredelemnul.
  2680 | D:4      | Noticed Blork the orc
  2700 | D:4      | HP: 9/47 [something (7)]
  2702 | D:4      | Killed Blork the orc
  2702 | D:4      | Reached skill level 4 in Armour
  2702 | D:4      | Reached XP level 6. HP: 8/55 MP: 5/5
  2708 | D:4      | HP: 7/82 [poisoned by an adder]
  2714 | D:4      | HP: 5/55 [poisoned by an adder]
  3086 | D:4      | Reached skill level 5 in Fighting
  3086 | D:4      | Reached skill level 6 in Axes
  3934 | D:4      | Reached skill level 7 in Axes
  4300 | D:5      | Entered Level 5 of the Dungeon
  4304 | D:5      | Got a heavily runed chain mail
  4315 | D:5      | Identified the +6 chain mail "Wegi" {Int+2 Dex+2} (You found it on level 5 of the Dungeon)
  4364 | D:5      | Reached XP level 7. HP: 49/62 MP: 6/6
  4458 | D:5      | Reached skill level 6 in Fighting
  4498 | D:5      | Reached skill level 8 in Axes
  4590 | D:5      | Found a staircase to the Ecumenical Temple.
  5214 | D:6      | Noticed Natasha
  5240 | D:6      | Reached skill level 7 in Fighting
  5240 | D:6      | Reached skill level 9 in Axes
  5240 | D:6      | Reached XP level 8. HP: 29/73 MP: 7/7
  5505 | D:6      | Killed Natasha
  5505 | D:6      | Reached **** piety under Trog
  5522 | D:6      | Reached skill level 10 in Axes
  5533 | D:6      | HP: 18/74 [centaur/arrow (6)]
  5545 | D:6      | Reached skill level 8 in Fighting
  6041 | D:6      | Reached skill level 11 in Axes
  6190 | D:6      | Found a bloodstained altar of Trog.
  6220 | D:6      | Noticed a hand axe
  6221 | D:6      | Noticed a dagger
  6222 | D:6      | Found a hide-covered altar of Uskayaw.
  6426 | D:7      | Reached XP level 9. HP: 73/82 MP: 8/8
  6509 | D:7      | Noticed Natasha
  6514 | D:7      | Killed Natasha
  6791 | D:7      | Found an iron altar of Okawaru.
  6887 | D:7      | Reached skill level 9 in Fighting
  7245 | D:8      | Reached ***** piety under Trog
  7245 | D:8      | Reached skill level 12 in Axes
  7434 | D:8      | Received a gift from Trog
  7434 | D:8      | Reached skill level 13 in Axes
  7693 | D:8      | Reached skill level 10 in Fighting
  7741 | D:8      | Found a sand-covered staircase.
  7745 | Ossuary  | Entered an ossuary
  8101 | D:8      | Found a hazy altar of Hepliaklqana.
  8283 | D:9      | Noticed a two-headed ogre
  8293 | D:9      | Killed a two-headed ogre
  8293 | D:9      | Reached XP level 10. HP: 84/94 MP: 9/9
  8363 | D:9      | Noticed a two-headed ogre
  8374 | D:9      | Killed a two-headed ogre
  8374 | D:9      | Reached skill level 14 in Axes
  8567 | D:9      | Found a staircase to the Lair.
  8704 | D:9      | Found an opulent altar of Gozag.
  8925 | D:9      | Reached skill level 11 in Fighting
  8988 | D:9      | Reached skill level 15 in Axes
  8997 | D:9      | HP: 24/96 [killer bee (1)]
  9008 | D:9      | HP: 23/96 [poisoned by a killer bee]
  9013 | D:9      | HP: 19/96 [poisoned by a killer bee]
  9019 | D:9      | HP: 11/96 [poisoned by a killer bee]
  9025 | D:9      | HP: 9/96 [poisoned by a killer bee]
  9031 | D:9      | HP: 9/96 [poisoned by a killer bee]
  9039 | D:9      | HP: 9/96 [poisoned by a killer bee]
  9568 | Lair:1   | Entered Level 1 of the Lair of Beasts
  9692 | Lair:1   | Found a frozen archway.
  9708 | Lair:1   | HP: 23/96 [ice devil (20)]
  9711 | Lair:1   | HP: 4/96 [ice devil (14)]
 10058 | IceCv    | Entered an ice cave
 10058 | IceCv    | Noticed a white ugly thing
 10065 | IceCv    | Killed a white ugly thing
 10065 | IceCv    | Reached XP level 11. HP: 104/104 MP: 10/10
 10069 | IceCv    | Found a transporter.
 10088 | IceCv    | Noticed a white ugly thing
 10089 | IceCv    | Killed a white ugly thing
 10090 | IceCv    | Found a transporter.
 10394 | Lair:1   | Noticed a four-headed hydra
 10400 | Lair:1   | Killed a four-headed hydra
 10400 | Lair:1   | Reached skill level 12 in Fighting
 10581 | Lair:1   | Noticed a five-headed hydra
 10586 | Lair:1   | Killed an eight-headed hydra
 10586 | Lair:1   | Reached skill level 16 in Axes
 10937 | Lair:1   | Found a runed gate.
 10937 | Lair:1   | Found a runed gate.
 10937 | Lair:1   | Found a runed gate.
 10937 | Lair:1   | Noticed MongoFromTheCongo's ghost (journeyman MiBe)
 11221 | Lair:1   | Received a gift from Trog
 11907 | Lair:2   | Noticed Urug
 11930 | Lair:2   | Killed Urug
 12742 | Lair:2   | Reached skill level 17 in Axes
 13005 | Lair:3   | Noticed a death yak
 13017 | Lair:3   | Killed a death yak
 13017 | Lair:3   | Reached skill level 13 in Fighting
 13017 | Lair:3   | Noticed a death yak
 13022 | Lair:3   | Noticed a death yak
 13023 | Lair:3   | Killed a death yak
 13026 | Lair:3   | Noticed a death yak
 13028 | Lair:3   | HP: 39/160 [death yak (13)]
 13029 | Lair:3   | HP: 7/160 [death yak (20)]
 13031 | Lair:3   | Demolished by a death yak

Vault maps used:
D:1:      saegor_arrival_simple_d, grunt_decor_clamped,
          minmay_misc_feat_more_columns, serial_bayou_ford_a
D:2:      marbit_many_paths
D:3:      yredelemnul_forgotten_temple_becter, uniq_natasha
D:4:      kennysheep_spiral_hall, uniq_blork_the_orc
D:5:      minmay_temple_entry_mist, first_ration
D:6:      lemuel_doored_altar, dancing_weapons_uskayaw, gup_sewer_entry_spiral
D:7:      lemuel_crystal_altar
D:8:      nicolae_overflow_hidden_temple, lightli_ossuary_entry_decrepit_ruins
D:9:      kennysheep_mini, dpeg_oklobed_lair, special_room
Lair:1:   serial_bayou, serial_bayou_lagoon_a, serial_bayou_lagoon_b,
          serial_bayou_shore_a, serial_bayou_pond_b, serial_bayou_pond_a,
          serial_bayou_pond_d, special_room, ebering_ghost_rock_garden,
          portal_ice_cave_demonic_guard
Lair:2:   uniq_urug
Lair:3:   guppyfry_snake_entry_island, ebering_ghost_inner_flame
Ossuary:  ossuary_crypta
IceCv:    ice_cave_statue_garden_transporter

Skill      XL: |  1  2  3  4  5  6  7  8  9 10 11 |
---------------+----------------------------------+-----
Axes           | 4 5 7 9 11 13 15 17 | 17.4
Fighting       | 4 5 7 8 10 11 13 | 13.1
Armour         | 3 4 |  4.0
Dodging        | 3 |  3.6

Action                   |  1- 3 |  4- 6 |  7- 9 | 10-12 || total
-------------------------+-------+-------+-------+-------++-------
Melee: Hand axe          |    89 |   160 |    33 |       ||   282
       Headbutt          |    11 |    30 |    67 |    59 ||   167
       War axe           |       |       |   272 |       ||   272
       Battleaxe         |       |       |     4 |   278 ||   282
Invok: Trog's Hand       |       |     2 |     2 |     1 ||     5
       Berserk           |       |     2 |     1 |     3 ||     6
       Brothers in Arms  |       |       |       |     4 ||     4
Evoke: Wand              |       |       |     5 |     4 ||     9
  Use: Scroll            |     3 |     3 |     6 |     9 ||    21
       Potion            |       |       |       |     4 ||     4
  Eat: Chunk             |     2 |    12 |    10 |     9 ||    33
       Ration            |       |       |     1 |     3 ||     4
Armor: Animal skin       |     8 |       |       |       ||     8
       Chain mail        |    35 |    68 |   152 |   151 ||   406
Dodge: Dodged            |    53 |    95 |   132 |   133 ||   413

Table legend:
 A = Spawn XP
 B = Non-spawn XP
 C = Spawn XP percentage of total XP
 D = Spawn monster count
 E = Non-spawn monster count
 F = Spawn count percentage of total count
 G = Total turns spent on level
                    A         B        C        D         E        F      G
               +---------+---------+-------+---------+---------+-------+---------
         Total |       0 |   20478 |   0.0 |       0 |     296 |   0.0 | 13031
               +---------+---------+-------+---------+---------+-------+---------
           D:1 |       0 |      46 |   0.0 |       0 |      27 |   0.0 |   901
           D:2 |       0 |      58 |   0.0 |       0 |      20 |   0.0 |   733
           D:3 |       0 |     160 |   0.0 |       0 |      27 |   0.0 |  1036
           D:4 |       0 |     464 |   0.0 |       0 |      28 |   0.0 |  1630
           D:5 |       0 |     409 |   0.0 |       0 |      12 |   0.0 |   705
           D:6 |       0 |    1435 |   0.0 |       0 |      26 |   0.0 |  1344
           D:7 |       0 |    1019 |   0.0 |       0 |      24 |   0.0 |   927
           D:8 |       0 |    1439 |   0.0 |       0 |      36 |   0.0 |   673
           D:9 |       0 |    4270 |   0.0 |       0 |      41 |   0.0 |  1293
        Lair:1 |       0 |    2859 |   0.0 |       0 |      10 |   0.0 |  1871
        Lair:2 |       0 |    4489 |   0.0 |       0 |      20 |   0.0 |  1479
        Lair:3 |       0 |    2206 |   0.0 |       0 |       3 |   0.0 |    74
       Ossuary |       0 |     296 |   0.0 |       0 |      13 |   0.0 |   326
         IceCv |       0 |    1328 |   0.0 |       0 |       9 |   0.0 |    39
               +---------+---------+-------+---------+---------+-------+---------

Vault maps used:
D:1:      saegor_arrival_simple_d, grunt_decor_clamped,
          minmay_misc_feat_more_columns, serial_bayou_ford_a
D:2:      marbit_many_paths
D:3:      yredelemnul_forgotten_temple_becter, uniq_natasha
D:4:      kennysheep_spiral_hall, uniq_blork_the_orc
D:5:      minmay_temple_entry_mist, first_ration
D:6:      lemuel_doored_altar, dancing_weapons_uskayaw, gup_sewer_entry_spiral
D:7:      lemuel_crystal_altar
D:8:      nicolae_overflow_hidden_temple, lightli_ossuary_entry_decrepit_ruins
D:9:      kennysheep_mini, dpeg_oklobed_lair, special_room
Lair:1:   serial_bayou, serial_bayou_lagoon_a, serial_bayou_lagoon_b,
          serial_bayou_shore_a, serial_bayou_pond_b, serial_bayou_pond_a,
          serial_bayou_pond_d, special_room, ebering_ghost_rock_garden,
          portal_ice_cave_demonic_guard
Lair:2:   uniq_urug
Lair:3:   guppyfry_snake_entry_island, ebering_ghost_inner_flame
Ossuary:  ossuary_crypta
IceCv:    ice_cave_statue_garden_transporter

Table legend:
 A = Turns spent in this place as a percentage of turns spent in the entire game.
 B = Non-inter-level travel turns spent in this place as a percentage of non-inter-level travel turns spent in the entire game.
 C = Inter-level travel turns spent in this place as a percentage of turns spent in this place.
 D = Turns resting spent in this place as a percentage of non-inter-level travel turns spent in this place.
 E = Turns spent auto-exploring this place as a percentage of non-inter-level travel turns spent in this place.
 F = Non-inter-level travel turns spent in this place divided by the number of levels of this place that you've seen.
                   A       B       C       D       E      F
               +-------+-------+-------+-------+-------+----------------------
         Total | 100.0 | 100.0 |   2.8 |  35.6 |  50.2 | 905.0
       Dungeon |  70.9 |  70.4 |   3.4 |  28.4 |  56.7 | 991.7
          Lair |  26.3 |  26.7 |   1.3 |  55.1 |  35.0 | 1126.7
       Ossuary |   2.5 |   2.6 |   0.0 |  32.2 |  36.5 | 326.0
      Ice Cave |   0.3 |   0.3 |   0.0 |   0.0 |   0.0 |  39.0
               +-------+-------+-------+-------+-------+----------------------

Table legend:
 A = Kills in this place as a percentage of kills in entire the game.
 B = Kills by you in this place as a percentage of kills by you in the entire game.
 C = Kills by friends in this place as a percentage of kills by friends in the entire game.
 D = Other kills in this place as a percentage of other kills in the entire game.
 E = Experience gained in this place as a percentage of experience gained in the entire game.
 F = Experience gained in this place divided by the number of levels of this place that you have seen.
                   A       B       C       D       E      F
               +-------+-------+-------+-------+-------+----------------------
         Total | 100.0 | 100.0 | 100.0 |   N/A | 100.0 | 1462.7
       Dungeon |  81.4 |  84.3 |   0.0 |   N/A |  45.4 | 1033.3
          Lair |  11.1 |  10.8 |  20.0 |   N/A |  46.7 | 3184.7
       Ossuary |   4.4 |   4.5 |   0.0 |   N/A |   1.4 | 296.0
      Ice Cave |   3.0 |   0.3 |  80.0 |   N/A |   6.5 | 1328.0
               +-------+-------+-------+-------+-------+----------------------
